 Dungeon Crawl Stone Soup version 0.30-a0-55-g90e3122c3a (webtiles) character file.

Game seed: 14366718742002139325

90 zishaf the Trooper (level 4, -17/38 HPs)
             Began as a Ghoul Warper on Sept 9, 2022.
             Killed from afar by Robin (22 damage)
             ... with a bolt of dispelling energy
             ... on level 3 of the Dungeon.
             The game lasted 00:02:44 (2184 turns).

zishaf the Trooper (Ghoul Warper)                   Turns: 2184, Time: 00:02:45

Health: -17/38     AC:  5    Str: 16    XL:     4   Next: 56%
Magic:  5/5        EV: 11    Int:  8    God:
Gold:   168        SH:  0    Dex:  8    Spells: 6/6 levels left

rFire   . . .      SeeInvis .      - Unarmed
rCold   + . .      Faith    .    (no shield)
rNeg    + + +      Spirit   .    m - +0 ring mail
rPois   ∞          Reflect  .    (no helmet)
rElec   .          Harm     .    (no cloak)
rCorr   .          Rampage  .    (no gloves)
Will    .....                    (no boots)
Stlth   ..........               (no amulet)
HPRegen 0.00/turn                (no ring)
MPRegen 0.09/turn                (no ring)

@: inhibited regen, hasted (expiring), very quick
A: claws 1, cold resistance 1, negative energy resistance 3, inhibited
regeneration, torment resistance 2, devour on kill
a: no special abilities


You were on level 3 of the Dungeon.
You visited 1 branch of the dungeon, and saw 3 of its levels.

You collected 168 gold pieces.

Inventory:

Missiles
 c - 7 boomerangs of dispersal (quivered)
 i - 4 poisoned darts
 l - 2 boomerangs
Armour
 a - a +0 leather armour
 m - a +0 ring mail (worn)
Jewellery
 o - a ring of fire
Wands
 p - a wand of charming (7)
Scrolls
 b - 2 scrolls of blinking
 e - 4 scrolls of enchant weapon {unknown}
 f - a scroll of teleportation {unknown}
 g - a scroll of immolation {unknown}
 h - a scroll of vulnerability {unknown}
 j - a scroll of identify {unknown}
 k - a scroll of fog {unknown}
Potions
 n - a potion of degeneration {unknown}
 q - a potion of curing {unknown}
 r - a potion of berserk rage {unknown}


   Skills:
 + Level 3.4 Fighting
 - Level 0.8 Throwing
 + Level 2.2 Armour
 + Level 2.7 Dodging
 - Level 2.1 Unarmed Combat
 - Level 1.7 Spellcasting
 - Level 2.6 Translocations


You had 6 spell levels left.
You didn't know any spells.
Your spell library contained the following spells:

 Spells                   Type           Power      Damage    Failure   Level
 Blink                    Tloc           10%        N/A       34%         2
 Gell's Gravitas          Tloc           5%         N/A       56%         3
 Lesser Beckoning         Tloc           5%         N/A       56%         3
 Teleport Other           Tloc           5%         N/A       56%         3
 Ensorcelled Hibernation  Hex/Ice        0%         N/A       71%         2
 Summon Guardian Golem    Hex/Summ       0%         N/A       90%         3
 Manifold Assault         Tloc           5%         N/A       99%         5
 Anguish                  Hex/Necr       0%         N/A       100%        4
 Orb of Destruction       Conj           0%         9d5       100%        7
 Spellforged Servitor     Conj/Summ      0%         N/A       100%        7
 Spider Form              Tmut/Pois      Unusable   N/A       N/A         3

Dungeon Overview and Level Annotations

Branches:
Dungeon (3/15)

Altars:

Shops:
D:1 *

Annotations:
D:3 Robin


Innate Abilities, Weirdness & Mutations

You are immune to poison.
You have sharp fingernails.
Your flesh is cold resistant. (rC+)
You are immune to negative energy. (rN+++)
You do not regenerate when monsters are visible.
You are immune to unholy pain and torment.
You thrive by killing the living.


Message History

The goblin barely misses you. The goblin hits you with a +0 club.
The goblin hits you with a +0 dagger.
Robin zaps a wand.
The bolt of dispelling energy hits you!
The bolt of dispelling energy hits the goblin!
The goblin dies!
You closely miss Robin.
Robin is moderately wounded.
The goblin hits you but does no damage. x2; Robin hits you with a +0 club.
You barely miss Robin. You claw Robin.
Robin is heavily wounded.
The goblin hits you with a +0 club.
* * * LOW HITPOINT WARNING * * *
The goblin hits you with a +0 dagger.
* * * LOW HITPOINT WARNING * * *
Robin hits you with a +0 club.
* * * LOW HITPOINT WARNING * * *
You barely miss Robin.
Robin is heavily wounded.
The goblin closely misses you. The goblin hits you but does no damage.
Robin throws the goblin at you!
* * * LOW HITPOINT WARNING * * *
Unknown command.
It was a potion of haste.
You feel yourself speed up. The goblin closely misses you.
The goblin hits you but does no damage.
Robin says, "Duck!"
Robin hits you but does no damage.
You scratch Robin.
Robin is severely wounded.
The goblin misses you. The goblin barely misses you.
Robin hits you with a +0 club.
* * * LOW HITPOINT WARNING * * *
You scratch Robin.
Robin is almost dead.
You scratch Robin but do no damage.
Robin is almost dead.
The goblin hits you but does no damage.
Robin zaps a wand.
The bolt of dispelling energy hits you!!
Your magical effects are unravelling.
Ouch! That really hurt!
You die...

###.##.##.............
..#.....................
#.....##.#####..........
#...........#...........
............#.?.........
#.........).............
.......|...†#..>.......
..###.gg)...#..#........
.......@................
....#.g...........###.##
..#.....................
...............#.#######
.................#
...........<.....
.......?........
...............


You could see Robin and 2 goblins.

Vanquished Creatures
  3 adders
  A worm (D:3)
  2 dart slugs
  An orc (D:2)
  3 bats (D:1)
  4 endoplasms
  7 goblins (D:3)
  4 hobgoblins
  2 jackals (D:2)
  4 kobolds
  2 quokkas
  7 ball pythons
  9 frilled lizards
  5 rats
54 creatures vanquished.

Vanquished Creatures (others)
  A goblin (D:3)
1 creature vanquished.

Grand Total: 55 creatures vanquished

Notes
Turn   | Place    | Note
-------+----------+-------------------------------------------
     0 | D:1      | zishaf the Ghoul Warper began the quest for the Orb.
     0 | D:1      | Reached XP level 1. HP: 17/17 MP: 2/2
    94 | D:1      | Reached skill level 1 in Armour
   187 | D:1      | Found a faded altar of an unknown god.
   199 | D:1      | Reached XP level 2. HP: 25/25 MP: 3/3
   594 | D:1      | Found Lyjoas's General Store.
  1538 | D:2      | Reached XP level 3. HP: 30/30 MP: 4/4
  1555 | D:2      | Reached skill level 3 in Fighting
  1978 | D:3      | Reached XP level 4. HP: 38/38 MP: 5/5
  2170 | D:3      | Noticed Robin
  2184 | D:3      | Killed from afar by Robin

Illustrated notes

Levels and vault maps discovered:
D:1:      elethiomel_arrival_maze, layout_loops_ring, serial_shops,
          nicolae_lakefront_shop, ebering_ecumenical_altar_ruins
D:2:      layout_rooms, serial_rivers, chequers_serial_rivers_micro_b,
          chequers_serial_rivers_micro_b, chequers_serial_rivers_micro_c,
          chequers_serial_rivers_small_b, chequers_serial_rivers_micro_e,
          hangedman_decor_diamond_cutter
D:3:      layout_rooms, nicolae_vehumet_radiance,
          nicolae_qazlal_scattered_showers, uniq_robin

Skill      XL: |  1  2  3 |
---------------+----------+-----
Armour         | 1 2 |  2.2
Dodging        | 2 |  2.7
Fighting       | 3 |  3.4
Throwing       | |  0.8
Unarmed Combat | |  2.1
Spellcasting   | |  1.7
Translocations | |  2.6

Action                   |  1- 3 |  4- 6 || total
-------------------------+-------+-------++-------
Melee: Unarmed           |   152 |    67 ||   219
       Punch             |     2 |     2 ||     4
  Use: Potion            |       |     1 ||     1
Armor: Leather armour    |    22 |       ||    22
       Ring mail         |    28 |    31 ||    59
Dodge: Dodged            |   123 |    39 ||   162

Table legend: (Time is in decaauts)
 A = Elapsed time spent in this place.
 B = Non-inter-level travel time spent in this place.
 C = Inter-level travel time spent in this place.
 D = Time resting spent in this place.
 E = Time spent auto-exploring this place.
 F = Levels seen in this place.
 G = Mean time per level.
                   A        B        C        D        E       F      G
               +--------+--------+--------+--------+--------+-----+--------+
         Total |   2177 |   2144 |     33 |    117 |   1596 |   3 |  725.7 |
       Dungeon |   2177 |   2144 |     33 |    117 |   1596 |   3 |  725.7 |
               +--------+--------+--------+--------+--------+-----+--------+

Top non-repeatable levels by time:
     D:1: 1252 daAuts
     D:2: 707 daAuts
     D:3: 217 daAuts
